 Dungeon Crawl Stone Soup version 0.17-a0-1882-g750edc8 (webtiles) character file.

123 4thArraOfDagon the Ruffian (level 4, -9/40 HPs)
             Began as a Draconian Monk on Sept 22, 2015.
             Was a Believer of Cheibriados.
             Mangled by an ogre
             ... wielding a +0 giant club
              (27 damage)
             ... on level 5 of the Dungeon.
             The game lasted 00:04:12 (765 turns).

4thArraOfDagon the Ruffian (Draconian Monk)          Turns: 765, Time: 00:04:12

Health: -9/40      AC:  6    Str: 18    XL:     4   Next: 80%
Magic:  3/4        EV: 14    Int: 15    God:    Cheibriados [**....]
Gold:   50         SH:  0    Dex: 17    Spells: 0 memorised, 3 levels left

rFire  . . .     SeeInvis .       - Unarmed
rCold  . . .     Clarity  .     (armour unavailable)
rNeg   . . .     SustAt   .     (no shield)
rPois  .         Gourm    .     (helmet restricted)
rElec  .         Spirit   .     (no cloak)
rCorr  .         Warding  .     i - +0 pair of gloves
rMut   .         Stasis   .     (no boots)
MR     .....                    (no amulet)
Stlth  ++........               (no ring)
                                (no ring)

@: very slow, not resistant to hostile enchantments, unstealthy
A: unfitting armour, cold-blooded, AC +5
a: Bend Time, Renounce Religion


You were on level 5 of the Dungeon.
You worshipped Cheibriados.
Cheibriados was pleased with you.
You were not hungry.

You visited 1 branch of the dungeon, and saw 6 of its levels.

You collected 50 gold pieces.

Inventory:

Armour
 i - a +0 pair of gloves (worn)
Magical staves
 f - an uncursed staff of earth
Scrolls
 b - a scroll of identify
 e - 2 scrolls of remove curse
Potions
 h - a potion of brilliance
Comestibles
 a - 2 bread rations
 k - a chunk of flesh


   Skills:
 + Level 4.0 Fighting
 + Level 3.2 Dodging
 - Level 1.7 Stealth
 * Level 5.3 Unarmed Combat
 + Level 1.2 Invocations


You had 3 spell levels left.
You didn't know any spells.

Dungeon Overview and Level Annotations

Branches:
Dungeon (6/15)
 Temple: D:4-7

Altars:
Cheibriados
Ru

Annotations:
D:3 Grinder


Innate Abilities, Weirdness & Mutations

Your plain brown scales are hard (AC +5).
Your body does not fit into most forms of armour.
You are cold-blooded and may be slowed by cold attacks.


Message History

Reactivating autopickup.
Unknown command.
The ogre barely misses you.
Unknown command.
Unknown command.
The sky beast flickers out of sight!
Deactivating autopickup; reactivate with Ctrl-A.
Unknown command.
The ogre misses you.
Unknown command.
Unknown command.
The ogre's inner flame fades away.
Found a robe.
Unknown command.
You aren't carrying any items that can be evoked.
Unknown command.
Use which ability?
You fail to use your ability.
The ogre hits you with a giant club!!
Ouch! That really hurt!
You die...

##.#.# *,# *,,,,,,,,,,,
##..#.#####.## *,,,,,,,,,**
#............# *,,*,****,*
#..##.#####..#****,,*,* *,**
#.รท#..........<,,*,,*,* *,,,
#..#.........#**,*,,*,* ***,
#.......##...###.#..*,*****,,
#.##.##...$.......[.,,,,,,,,,
#.##.#**####@#**,******,,,,,,
#.##.# #O# *,* ******,
#.##.#######{###.# **
#................#
##################


You could see an ogre.

Vanquished Creatures
  A centaur (D:5)
  2 adders
  A giant gecko (D:4)
  5 orcs (D:3)
  A giant cockroach (D:2)
  2 goblins
  A hobgoblin (D:1)
  2 kobolds (D:2)
  A bat (D:3)
  2 giant newts (D:5)
  5 rats
23 creatures vanquished.

Notes
Turn   | Place    | Note
--------------------------------------------------------------
     0 | D:1      | 4thArraOfDagon the Draconian Monk began the quest for the Orb.
     0 | D:1      | Reached XP level 1. HP: 19/19 MP: 1/1
   100 | D:2      | Reached XP level 2. HP: 19/26 MP: 2/2
   271 | D:3      | Noticed Grinder
   297 | D:3      | Reached XP level 3. HP: 14/31 MP: 3/3
   429 | D:5      | Entered Level 5 of the Dungeon
   479 | D:6      | Found a snail-covered altar of Cheibriados.
   479 | D:6      | Found a sacrificial altar of Ru.
   487 | D:6      | Became a worshipper of Cheibriados the Contemplative
   487 | D:6      | Acquired Cheibriados's first power
   546 | D:5      | Noticed a centaur
   563 | D:5      | Killed a centaur
   563 | D:5      | Reached skill level 5 in Unarmed Combat
   563 | D:5      | Reached skill level 1 in Invocations
   563 | D:5      | Reached XP level 4. HP: 16/40 MP: 4/4
   705 | D:5      | Noticed a sky beast
   737 | D:5      | Noticed an ogre
   765 | D:5      | Mangled by an ogre

Vault maps used:
D:1:      lightli_iron_boxes
D:2:      minmay_overflow_temple_star_quad, tso_oasis_becter
D:3:      grunt_temple_overflow_champion_of_chaos, first_bread, uniq_grinder,
          uniq_jessica, uniq_iyjb
D:4:      serial_glass, glass_columns_a, glass_columns_b, minmay_liquid_box,
          uniq_natasha
D:5:      minmay_temple_entry_enclosed_plants, uniq_menkaure
D:6:      vehumet_statue, minitemple, minivault_14, minmay_door_square

Action                   |  1- 3 |  4- 6 || total
-------------------------+-------+-------++-------
Melee: Unarmed           |    76 |     7 ||    83
Invok: Bend Time         |       |     1 ||     1
  Use: Potion            |     1 |     1 ||     2
       Scroll            |       |     5 ||     5
